 Dungeon Crawl Stone Soup version 0.24-a0-250-g6074511 (webtiles) character file.

Game seed: 6880528728723845690

248 Lanoc the Slasher (level 6, -1/43 HPs)
             Began as an Octopode Berserker on Apr 14, 2019.
             Was a Believer of Trog.
             Slain by an orc
             ... wielding a +0 hand axe
              (5 damage)
             ... on level 4 of the Dungeon.
             The game lasted 00:03:01 (2111 turns).

Lanoc the Slasher (Octopode Berserker)              Turns: 2111, Time: 00:03:02

Health: -1/43      AC:  1    Str: 16    XL:     6   Next: 12%
Magic:  6/6        EV: 15    Int:  9    God:    Trog [**....]
Gold:   135        SH:  0    Dex: 14    Spells: 5/5 levels left

rFire    . . .     SeeInvis .   a - +0 falchion
rCold    . . .     Gourm    .   (no shield)
rNeg     . . .     Faith    .   (helmet restricted)
rPois    .         Spirit   .   (no amulet)
rElec    .         Reflect  .   (no ring)
rCorr    .         Harm     .   (no ring)
MR       .....                  (no ring)
Stlth    ++........             (no ring)
HPRegen  0.14/turn              (no ring)
MPRegen  0.10/turn              (no ring)
                                (no ring)
                                (no ring)

@: confused, berserk cooldown, hasted and slowed
A: almost no armour, stealthy swim, amphibious, 8 rings, constrict 8, camouflage
1, gelatinous body 1
a: Berserk, Trog's Hand, Renounce Religion


You were on level 4 of the Dungeon.
You worshipped Trog.
Trog was pleased with you.
You were very hungry.

You visited 1 branch of the dungeon, and saw 4 of its levels.

You collected 135 gold pieces.

Inventory:

Hand Weapons
 a - a +0 falchion (weapon)
Scrolls
 c - 2 scrolls of noise {unknown}
 d - a scroll of random uselessness {unknown}
 h - 5 scrolls of identify {unknown}
 i - a scroll of blinking {unknown}
 j - a scroll of remove curse {unknown}
 k - 3 scrolls of teleportation {unknown}
 l - a scroll of fear {unknown}
Potions
 g - 3 potions of curing {unknown}
Comestibles
 b - a ration


   Skills:
 + Level 4.1 Fighting
 * Level 5.1 Long Blades
 + Level 4.2 Dodging


You had 5 spell levels left.
You didn't know any spells.
Your spell library was empty.

Dungeon Overview and Level Annotations

Branches:
Dungeon (4/15)
 Temple: D:4-7

Altars:
Cheibriados
Xom


Innate Abilities, Weirdness & Mutations

You cannot wear most types of armour.
You are very stealthy in the water. (Stealth+)
You are amphibious.
You can wear up to eight rings at the same time.
You can use your tentacles to constrict eight enemies at once.
Your skin changes colour to match your surroundings (Stealth+).
Your rubbery body absorbs attacks. (AC +1, EV +1)


Message History

You kill the orc!
Trog accepts your kill.
The orc priest mumbles some strange prayers to Beogh against you.
Beogh smites you!
The orc wizard gestures at you while chanting.
You are confused.
You feel a strong urge to attack something.
You feel your anger nearly subside.
You are no longer berserk.
You are exhausted.
You feel yourself slow down.
The orc priest mumbles some strange prayers to Beogh against you.
Pain shoots through your body!
It was a potion of berserk rage.
You're still recovering from your berserk rage.
The orc priest mumbles some strange prayers to Beogh against you.
Beogh smites you!
* * * LOW HITPOINT WARNING * * *
It was a potion of haste.
You feel yourself speed up. The orc hits you with a +0 hand axe.
You die...

...#.........## .......
##.........## .......
##.........## .......
##.........## .......##
##.........## ........#
##.......... ........##
###.........#
.....o.o.####..........##
#.....oo@.............##
#............##<....##
#.........#####.....#
#.......### #....##
##...#### ##..## #..#
#.## #.. ### #. #.


You could see an orc priest, an orc wizard and 2 orcs.

Vanquished Creatures
  2 orc priests (D:3)
  An orc wizard (D:3)
  A worker ant (D:3)
  6 adders
  2 oozes (D:3)
  2 worms (D:3)
  2 leopard geckos
  12 orcs
  6 bats
  2 giant cockroaches
  8 goblins
  6 hobgoblins
  5 kobolds
  A quokka (D:3)
  2 ball pythons
  A frilled lizard (D:3)
  5 rats
64 creatures vanquished.

Notes
Turn   | Place    | Note
-------+----------+-------------------------------------------
     0 | D:1      | Lanoc the Octopode Berserker began the quest for the Orb.
     0 | D:1      | Reached XP level 1. HP: 16/16 MP: 1/1
   117 | D:1      | Reached XP level 2. HP: 20/21 MP: 2/2
   347 | D:2      | Reached XP level 3. HP: 18/26 MP: 3/3
   779 | D:2      | Reached XP level 4. HP: 28/31 MP: 4/4
   784 | D:2      | Reached ** piety under Trog
   784 | D:2      | Reached skill level 4 in Long Blades
  1444 | D:3      | Reached XP level 5. HP: 37/37 MP: 5/5
  1570 | D:3      | Found a shimmering altar of Xom.
  1571 | D:3      | Found a shimmering altar of Xom.
  1572 | D:3      | Found a shimmering altar of Xom.
  1572 | D:3      | Found a shimmering altar of Xom.
  1744 | D:3      | Found a snail-covered altar of Cheibriados.
  1769 | D:3      | Reached skill level 5 in Long Blades
  1769 | D:3      | Reached XP level 6. HP: 42/43 MP: 6/6
  2111 | D:4      | Slain by an orc

Levels and vault maps discovered:
D:1:      dpeg_arrival_rooms_c, layout_loops_ring
D:2:      layout_loops_ring, minmay_tromino_mix6
D:3:      layout_loops_corners, cheibriados_altar_1, xom_redecorated
D:4:      layout_cave_pods, serial_shops, kennysheep_mini_moat

Skill      XL: |  1  2  3  4  5 |
---------------+----------------+-----
Long Blades    | 4 5 |  5.1
Dodging        | 4 |  4.2
Fighting       | 4 |  4.1

Action                   |  1- 3 |  4- 6 || total
-------------------------+-------+-------++-------
Melee: Falchion          |    36 |    71 ||   107
       Tentacles         |     6 |    20 ||    26
       Constrict         |    13 |    27 ||    40
Invok: Berserk           |     2 |     3 ||     5
  Use: Potion            |       |     2 ||     2
 Stab: Sleeping          |     5 |     5 ||    10
       Distracted        |     1 |       ||     1
  Eat: Chunk             |     1 |     6 ||     7
Armor: Skin              |     5 |     3 ||     8
Dodge: Dodged            |    25 |    42 ||    67
       Rpst.: Falchion   |     9 |    21 ||    30

Table legend:
 A = Non-vault XP
 B = Vault XP
 C = Vault XP percentage of total XP
 D = Non-vault monster count
 E = Vault monster count
 F = Vault count percentage of total count
                 A         B        C        D         E       F
            +---------+---------+-------+---------+---------+-------
      Total |     351 |       4 |   1.1 |      62 |       2 |   3.1
            +---------+---------+-------+---------+---------+-------
        D:1 |      10 |       0 |   0.0 |       6 |       0 |   0.0
        D:2 |      73 |       4 |   5.2 |      16 |       2 |  11.1
        D:3 |     265 |       0 |   0.0 |      39 |       0 |   0.0
        D:4 |       3 |       0 |   0.0 |       1 |       0 |   0.0
            +---------+---------+-------+---------+---------+-------
